Map: Neon Violet Square LE

Players

kauP - Winner!

  • Race: Terran Terran
  • Spawn Location: 5:00

RiSky

  • Race: Zerg Zerg
  • Spawn Location: 11:00

Event: WCS Leipzig 2018

VOD

Have the link to the VOD?

Description

Time

  • Played on: Jan. 26, 2018, 11:09 a.m.
  • Length: 53:39

All games in this series

Show
View Real Time Build Order
Export as new Build Order

kauP Terran - Winner!

Build Orders: Hellion Opening, Reaper Expand, Bio Tank 

Get SALT Encoding   

  12  0:00  SCV  
  13  0:13  SCV  
  14  0:17  Supply Depot  
  14  0:25  SCV  
  15  0:39  SCV  
  15  0:41  Barracks  
  16  0:46  Refinery  
  16  0:51  SCV  
  17  1:03  SCV  
  18  1:15  SCV  
  19  1:29  Orbital Command  
  19  1:30  Reaper  
  20  1:40  Command Center  
  20  1:52  Supply Depot  
  20  1:56  Refinery, SCV  
  21  2:07  Factory  
  21  2:12  SCV  
  22  2:23  Barracks Reactor  
  22  2:24  SCV  
  23  2:36  SCV  
  24  2:48  SCV  
  25  2:52  Orbital Command, Starport  
  25  3:00  SCV  
  28  3:06  Hellion x2  
  28  3:12  Barracks Tech Lab  
  30  3:13  SCV  
  30  3:18  SCV  
  32  3:25  SCV  
  35  3:27  Hellion x2  
  35  3:28  Viking  
  39  3:35  Supply Depot  
  39  3:36  Stimpack  
  39  3:37  Marine  
  39  3:40  SCV  
  39  3:41  SCV  
  42  3:49  Hellion x2  
  46  3:56  SCV x2  
  46  3:58  Supply Depot  
  48  4:04  Supply Depot  
  48  4:08  SCV x2  
  50  4:22  SCV, Marine  
  50  4:23  Command Center  
  52  4:33  Barracks  
  52  4:35  Barracks  
  52  4:39  SCV  
  52  4:42  Factory Reactor  
  52  4:43  Starport Tech Lab  
  53  4:48  SCV  
  53  4:51  SCV  
  55  4:52  Engineering Bay  
  55  4:54  Engineering Bay  
  55  5:00  SCV  
  55  5:03  SCV  
  55  5:04  Marine  
  58  5:11  Refinery  
  58  5:13  SCV  
  59  5:15  SCV, Supply Depot  
  58  5:21  Terran Infantry Armor Level 1  
  58  5:22  Terran Infantry Weapons Level 1, Marine  
  58  5:25  SCV  
  58  5:26  Marine x2  
  58  5:27  SCV, Medivac  
  65  5:35  Orbital Command  
  65  5:37  SCV, Supply Depot, Marine x2  
  65  5:39  SCV  
  65  5:40  Marine, Siege Tank  
  73  5:49  SCV, Marine x2  
  76  5:54  SCV, Marine  
  76  5:55  Marine  
  79  5:58  Marine  
  79  5:59  Refinery  
  79  6:00  Orbital Command  
  79  6:01  SCV  
  81  6:04  Medivac  
  81  6:06  Marine x2  
  85  6:12  Armory, Marine  
  85  6:13  SCV x2  
  85  6:14  Supply Depot  
  88  6:22  Marine x2  
  88  6:24  Marine  
  91  6:25  SCV  
  91  6:26  SCV, Supply Depot  
  93  6:39  Marine x2  
  95  6:40  Siege Tank, Starport Reactor, Marine  
  99  6:48  Marine x2  
  101  6:55  Factory  
  101  6:56  Refinery, Barracks  
  101  6:57  Refinery, Marine  
  101  6:59  Barracks  
  103  7:01  SCV x2  
  103  7:02  Marine x2  
  103  7:05  Marine  
  107  7:12  Siege Tank  
  107  7:13  Marine  
  107  7:14  Marine  
  112  7:16  Terran Infantry Weapons Level 2  
  112  7:17  Terran Infantry Armor Level 2  
  112  7:18  SCV x2  
  112  7:20  Marine  
  115  7:27  Marine x2  
  117  7:32  Marine  
  117  7:33  Combat Shields  
  117  7:35  Marine  
  111  7:38  Marine  
  111  7:43  Marine  
  111  7:44  Medivac x2, Siege Tank  
  98  7:45  Marine x2  
  98  7:46  Command Center  
  98  7:47  Factory Tech Lab  
  98  7:50  Marine  
  105  7:53  SCV x2  
  107  7:59  Marine x2  
  107  8:01  SCV  
  107  8:02  Marine  
  107  8:03  Marine  
  107  8:04  Command Center  
  112  8:05  SCV  
  112  8:06  SCV  
  114  8:13  SCV  
  114  8:15  Terran Vehicle Weapons Level 1  
  114  8:17  SCV  
  114  8:18  SCV  
  117  8:35  Supply Depot x2  
  117  8:36  Command Center  
  117  8:39  SCV x2, Marine x3  
  122  8:47  SCV, Barracks  
  123  8:48  Barracks  
  123  8:50  Ghost Academy  
  123  8:51  SCV x2  
  125  8:56  Marine x4  
  125  8:59  SCV, Orbital Command  
  125  9:01  Siege Tank  
  125  9:02  Siege Tank  
  136  9:03  SCV, Sensor Tower  
  136  9:04  SCV  
  138  9:10  Supply Depot  
  138  9:11  SCV  
  139  9:19  Orbital Command  
  139  9:22  Barracks Tech Lab x2  
  137  9:33  Siege Tank  
  137  9:36  Ghost  
  133  9:38  Barracks Tech Lab x2  
  133  9:40  Moebius Reactor  
  125  9:49  Siege Tank  
  125  9:50  Liberator  
  125  9:51  Orbital Command  
  125  9:57  Supply Depot  
  125  9:59  Supply Depot  
  125  10:00  Missile Turret  
  125  10:03  Missile Turret  
  125  10:05  Siege Tank, Ghost x5, Missile Turret  
  137  10:17  Terran Infantry Weapons Level 3  
  137  10:18  Marine  
  137  10:19  Marine x3  
  138  10:30  Terran Infantry Armor Level 3  
  138  10:31  Orbital Command  
  138  10:36  Marine x2  
  138  10:37  Marine x2  
  138  10:38  Ghost  
  138  10:39  Refinery x2  
  134  10:51  Command Center  
  134  10:55  Liberator x2  
  134  11:00  Missile Turret  
  134  11:02  Missile Turret  
  134  11:03  Missile Turret  
  134  11:05  Missile Turret x2  
  134  11:13  Ghost x2  
  134  11:14  Missile Turret  
  134  11:16  Missile Turret  
  144  11:22  Missile Turret  
  144  11:30  Orbital Command  
  144  11:36  Command Center  
  144  11:40  Starport  
  144  11:41  Starport x2, Fusion Core, Ghost  
  146  11:53  Ghost x3  
  148  12:03  Ghost  
  148  12:06  Refinery  
  148  12:07  Orbital Command  
  150  12:10  Refinery, Ghost  
  152  12:32  Starport Tech Lab  
  152  12:33  Starport Reactor x2  
  152  12:39  Liberator  
  152  12:40  Liberator  
  152  12:42  Command Center  
  152  12:43  Liberator, Command Center  
  152  12:45  Missile Turret x2  
  147  12:54  Hi-Sec Auto Tracking  
  147  12:57  Command Center  
  147  12:58  Advanced Ballistics  
  153  13:01  Planetary Fortress  
  156  13:07  Building Armor  
  156  13:09  Missile Turret x5, Terran Vehicle Weapons Level 2  
  156  13:10  Missile Turret  
  156  13:12  Missile Turret  
  156  13:13  Ghost x2  
  156  13:15  Marine x4  
  164  13:21  Command Center  
  164  13:22  Liberator  
  164  13:23  SCV  
  164  13:26  Ghost x2  
  169  13:41  Ghost Academy  
  167  13:42  Ghost Academy x2  
  167  13:43  Ghost Academy x2  
  167  13:44  Ghost Academy  
  167  13:45  Liberator x4, Nuke  
  179  14:08  Orbital Command  
  177  14:10  Planetary Fortress  
  177  14:19  Missile Turret  
  177  14:20  Nuke x2  
  177  14:21  Nuke  
  177  14:22  Nuke  
  177  14:25  Nuke  
  177  14:30  Ghost  
  179  14:35  Missile Turret x3  
  179  14:36  Missile Turret  
  179  14:40  Nuke  
  179  14:41  Nuke  
  177  15:00  Missile Turret  
  177  15:02  Ghost x4  
  185  15:17  Liberator x3  
  185  15:19  Missile Turret  
  185  15:31  Command Center  
  185  15:33  Missile Turret x2  
  185  15:34  Missile Turret  
  194  15:36  Command Center, Missile Turret  
  194  15:38  Missile Turret  
  194  15:40  Missile Turret  
  194  15:47  Ghost  
  194  15:48  Ghost  
  191  15:54  SCV  
  187  15:59  Liberator x3  
  187  16:00  Planetary Fortress  
  187  16:06  SCV  
  187  16:07  Ghost x2  
  192  16:15  Unknown x4  
  199  16:18  SCV  
  198  16:31  Ghost  
  200  16:38  Missile Turret x2  
  200  16:40  Missile Turret  
  196  16:58  Ghost x4  
  196  17:00  Ghost  
  199  17:07  Planetary Fortress  
  199  17:08  Planetary Fortress  
  194  17:12  Refinery x2  
  194  17:26  Ghost x3  
  200  17:39  Nuke x3  
  200  17:55  Ghost  
  200  17:56  Ghost  
  198  18:16  Ghost  
  200  18:21  Command Center, Missile Turret  
  200  18:22  Missile Turret  
  200  18:23  Missile Turret  
  198  18:28  Ghost  
  198  18:30  Nuke x3  
  198  18:31  Nuke  
  200  18:39  Command Center  
  200  18:40  Command Center  
  200  18:42  Command Center  
  198  18:48  Ghost  
  199  19:09  Ghost  
  199  19:13  Nuke  
  199  19:31  Nuke x4  
  193  19:49  Planetary Fortress  
  193  19:51  Viking x2  
  193  19:52  Viking, Orbital Command x2  
  195  19:56  Orbital Command  
  195  19:57  Missile Turret x2  
  194  20:00  Missile Turret  
  194  20:02  Missile Turret  
  194  20:07  Viking, Missile Turret  
  194  20:08  Missile Turret  
  192  20:24  Ghost x3  
  198  20:31  Nuke x3  
  198  20:32  Nuke  
  198  20:40  Nuke, Missile Turret  
  198  20:41  Missile Turret x3  
  198  20:46  Ghost x2  
  198  20:48  Unknown x8  
  188  20:52  Missile Turret  
  188  20:53  Ghost x3  
  188  20:54  Missile Turret  
  192  21:11  Unknown x4  
  187  21:14  Viking x3  
  187  21:22  Viking  
  187  21:23  Viking x2  
  189  21:35  Ghost x4  
  195  21:46  Ghost  
  139  21:57  Liberator x2  
  139  21:58  Liberator  
  130  22:03  Ghost x2  
  130  22:04  Cyclone x2  
  140  22:08  Liberator  
  140  22:09  Liberator x2  
  149  22:21  Liberator  
  160  22:40  Liberator  
  160  22:44  Nuke x2  
  160  22:45  Orbital Command, Nuke x3  
  157  23:01  Liberator x2  
  157  23:02  Refinery  
  157  23:04  Ghost x5  
  163  23:14  Refinery  
  163  23:19  Missile Turret  
  169  23:20  Missile Turret  
  169  23:21  Missile Turret  
  169  23:22  Missile Turret x2  
  169  23:24  Missile Turret  
  169  23:33  Ghost x3  
  154  23:51  Ghost x2  
  154  23:58  Orbital Command  
  154  24:03  Ghost x2  
  154  24:04  Marine x2  
  160  24:13  Missile Turret x3  
  160  24:14  Missile Turret  
  160  24:15  Missile Turret x2  
  160  24:17  Ghost  
  160  24:20  Ghost x2  
  158  24:41  Ghost x2  
  162  24:46  Ghost  
  162  24:47  Liberator  
  162  24:48  Liberator x2, Marine x4, Ghost  
  158  24:55  Command Center  
  158  25:06  Marine x2  
  155  25:33  Liberator  
  155  25:37  Ghost x4  
  155  25:38  Marine x2  
  156  25:46  Marine x3  
  156  25:56  Marine x2  
  154  26:03  Marine  
  149  26:04  Marine x2  
  149  26:06  Marine x2  
  149  26:10  Ghost x2  
  124  26:19  Command Center  
  124  26:21  Ghost  
  124  26:23  Ghost x2  
  128  26:39  Ghost  
  130  26:40  Liberator  
  130  26:45  Ghost  
  130  26:52  Orbital Command  
  127  27:11  Missile Turret x2  
  127  27:12  Missile Turret  
  127  27:13  Missile Turret  
  108  27:17  Ghost x2  
  108  27:18  Marine x2  
  108  27:19  Marine  
  82  27:29  Unknown  
  72  27:30  Ghost  
  72  27:36  Liberator  
  66  27:39  Marine x4  
  66  27:40  Refinery  
  66  27:41  Refinery  
  66  27:42  Missile Turret  
  70  27:45  Marine x2  
  72  27:54  Marine x2  
  72  27:57  Marine x4  
  79  28:00  Planetary Fortress  
  79  28:09  Marine x3  
  79  28:11  Medivac  
  79  28:12  Marine x2  
  84  28:14  Unknown  
  84  28:15  Marine x4  
  77  28:26  Ghost  
  65  28:27  Marine x2  
  65  28:30  Marine  
  65  28:32  SCV x3  
  73  28:37  Ghost  
  73  28:39  Medivac  
  73  28:40  SCV x2  
  79  28:42  SCV  
  79  28:43  SCV x3  
  83  28:51  Ghost  
  83  28:54  Liberator  
  83  28:55  SCV, Liberator  
  85  28:56  SCV x5  
  85  28:57  Refinery  
  89  29:16  SCV x4, Liberator  
  89  29:17  SCV x4  
  100  29:22  Ghost  
  100  29:23  Marine x3  
  100  29:24  Marine x5  
  115  29:40  Liberator  
  115  29:41  Marine x4  
  115  29:45  Ghost  
  119  29:46  Marine x3  
  121  30:02  Missile Turret  
  121  30:03  Missile Turret x2  
  121  30:06  Missile Turret x2  
  121  30:08  Missile Turret  
  121  30:14  SCV x4  
  121  30:15  SCV, Ghost  
  121  30:20  Liberator  
  128  30:24  Ghost x2  
  125  30:34  Ghost x2  
  124  30:54  Nuke x2  
  124  30:55  Nuke  
  122  31:03  Medivac, Missile Turret  
  124  31:04  Missile Turret  
  124  31:05  Marine x3  
  124  31:06  Missile Turret  
  127  31:18  Liberator, Ghost x2  
  127  31:19  Marine  
  132  31:27  Ghost  
  132  31:30  Marine x3  
  137  31:34  Liberator  
  137  31:35  Liberator  
  136  31:58  Orbital Command  
  136  32:04  Refinery  
  136  32:05  Refinery  
  136  32:08  Missile Turret  
  136  32:09  Missile Turret  
  136  32:10  Missile Turret  
  136  32:12  Missile Turret  
  136  32:13  Missile Turret  
  126  32:29  Ghost x4  
  126  32:30  Liberator, Ghost  
  126  32:31  Marine x4  
  140  32:49  Marine x3  
  146  32:54  Missile Turret  
  146  33:02  Missile Turret  
  146  33:04  Sensor Tower  
  146  33:05  Ghost x2, Missile Turret  
  146  33:16  Missile Turret  
  146  33:17  Missile Turret x2  
  146  33:19  Missile Turret  
  140  33:21  Missile Turret  
  140  33:23  Ghost x2  
  141  33:44  Ghost x2  
  114  33:48  Ghost  
  114  33:51  Marine x3  
  114  33:52  Marine  
  120  33:59  Barracks  
  120  34:00  Barracks x4  
  120  34:11  Ghost x2  
  120  34:12  Ghost  
  126  34:17  Ghost  
  128  34:26  Viking  
  128  34:27  Viking, Marine  
  128  34:29  Marine x3  
  128  34:41  Ghost x2  
  128  34:42  Marine  
  128  34:43  Marine  
  134  34:49  Command Center  
  134  34:59  Medivac x2  
  138  35:00  Marine x12  
  150  35:10  Marine x2  
  152  35:17  Marine  
  152  35:20  Nuke x2  
  152  35:21  Nuke x2, Marine  
  153  35:22  Marine x10  
  153  35:28  Marine x2  
  164  35:39  Ghost x2  
  164  35:41  Nuke  
  166  35:54  Ghost  
  166  35:55  Ghost, Marine x3  
  163  35:58  Marine  
  164  36:05  Ghost  
  166  36:15  Ghost  
  155  36:29  Ghost x2  
  157  36:34  Viking  
  149  36:48  Ghost x2  
  149  36:49  Marine x4  
  149  36:50  Marine x3  
  160  37:03  Nuke x2  
  158  37:15  Ghost x2  
  162  37:22  Marine x2  
  162  37:23  Marine  
  162  37:28  Nuke x2  
  160  37:47  Ghost x2  
  160  37:50  Marine x2  
  160  37:51  Marine x6  
  170  38:02  Orbital Command  
  170  38:03  Liberator  
  151  38:14  Unknown  
  151  38:19  Ghost  
  151  38:24  Unknown  
  151  38:25  Unknown  
  153  38:29  Marine x12  
  153  38:30  Marine  
  166  38:37  Unknown x6  
  166  38:38  Unknown x4  
  166  38:48  Ghost x3  
  166  38:51  Marine x2  
  166  38:52  Marine x2  
  176  39:06  Ghost  
  166  39:13  Ghost  
  166  39:16  Marine x4  
  172  39:22  Ghost  
  169  39:41  Medivac x2, Marine  
  169  39:42  Marine x5  
  169  39:44  Unknown x2  
  169  39:45  Unknown  
  171  40:01  Medivac  
  171  40:02  Medivac  
  171  40:03  Marine x5  
  180  40:23  Medivac x2  
  177  40:36  Ghost  
  178  41:01  Liberator  
  176  41:07  Unknown x2  
  168  41:13  Ghost x3  
  177  41:23  Unknown x8  
  175  41:35  Ghost  
  175  41:38  Unknown  
  177  42:03  Ghost x3  
  181  42:24  Ghost  
  181  42:25  Ghost  
  181  42:29  Unknown x6  
  185  42:30  Unknown  
  178  42:56  Ghost x2  
  169  43:11  Ghost  
  171  43:47  Ghost  
  173  43:55  Ghost  
  163  44:14  Ghost  
  161  44:40  Ghost  
  163  45:17  Ghost  
  165  45:42  Unknown x13  
  165  45:43  Unknown  
  163  45:57  Unknown x4  
  163  46:20  Ghost  
  163  46:39  Unknown x2  
  163  46:40  Unknown  
  151  47:51  Unknown x5  
  151  47:52  Unknown  
  151  48:03  Ghost  
  153  48:09  Nuke  
  145  48:55  Nuke  
  145  49:36  Unknown  
  145  49:37  Unknown x3  
  145  49:38  Unknown x2  
  145  49:41  Unknown  
  145  49:45  Unknown x2  
  145  49:47  Unknown  
  145  49:53  Ghost  
  87  52:54  Unknown x2  
Show
View Real Time Build Order
Export as new Build Order

RiSky Zerg 

Build Orders: Hatch First 

Get SALT Encoding   

  12  0:00  Drone  
  13  0:12  Overlord  
  13  0:17  Drone  
  14  0:31  Drone x2  
  14  0:34  Drone  
  17  0:53  Hatchery  
  17  0:55  Drone  
  17  0:59  Drone  
  18  1:10  Extractor  
  17  1:15  Spawning Pool  
  16  1:19  Drone  
  16  1:23  Drone  
  18  1:28  Drone  
  19  1:38  Overlord  
  19  1:50  Drone  
  20  2:01  Queen  
  20  2:02  Zergling x2  
  20  2:04  Queen  
  20  2:05  Zergling x2  
  26  2:15  Drone  
  27  2:19  Drone  
  28  2:25  Drone  
  28  2:27  Drone  
  30  2:36  Hatchery  
  29  2:38  Drone  
  29  2:43  Metabolic Boost  
  30  2:50  Drone  
  31  2:52  Overlord  
  31  2:54  Drone  
  31  2:57  Drone  
  33  2:59  Drone  
  34  3:06  Drone  
  34  3:10  Drone  
  34  3:11  Drone x2  
  34  3:12  Drone  
  39  3:13  Drone  
  39  3:18  Pneumatized Carapace  
  40  3:22  Overlord  
  40  3:24  Drone  
  41  3:29  Drone  
  41  3:31  Drone x2  
  44  3:36  Roach Warren  
  44  3:40  Queen  
  45  3:43  Drone  
  45  3:45  Zergling x2  
  45  3:48  Drone x2  
  49  3:52  Zergling x2  
  49  3:54  Drone  
  49  3:55  Zergling x2  
  52  3:56  Drone x2  
  52  4:00  Queen  
  56  4:04  Overlord  
  56  4:09  Drone  
  58  4:10  Drone, Overlord  
  58  4:14  Overlord  
  58  4:18  Overlord  
  58  4:21  Queen  
  58  4:23  Overlord  
  60  4:27  Drone x2  
  60  4:30  Drone  
  63  4:31  Zergling x2  
  63  4:34  Zergling x2  
  63  4:37  Queen  
  63  4:38  Overlord  
  67  4:41  Zergling x2  
  68  4:49  Overlord  
  68  4:52  Queen  
  70  4:53  Zergling x2  
  70  4:54  Zergling x6  
  70  4:55  Drone  
  70  4:56  Drone, Spore Crawler  
  75  5:02  Drone  
  75  5:03  Drone, Evolution Chamber x2  
  75  5:09  Drone x3  
  75  5:10  Drone  
  75  5:13  Overlord  
  79  5:15  Queen  
  79  5:19  Overlord  
  81  5:22  Drone  
  81  5:23  Drone  
  81  5:28  Drone x2  
  85  5:29  Zerg Ground Armor Level 1  
  85  5:33  Hatchery, Zerg Melee Weapons Level 1  
  85  5:34  Drone  
  85  5:37  Lair  
  85  5:38  Drone, Extractor  
  85  5:40  Drone, Extractor  
  85  5:41  Extractor  
  85  5:42  Extractor  
  83  5:44  Baneling Nest, Drone  
  83  5:45  Drone  
  84  5:50  Drone x2  
  84  5:55  Drone x3  
  84  5:57  Drone x2  
  91  5:58  Zergling x2  
  91  5:59  Extractor  
  91  6:02  Drone  
  91  6:03  Drone  
  93  6:05  Overlord  
  93  6:08  Overlord  
  93  6:10  Zergling x12  
  99  6:13  Drone  
  100  6:22  Baneling Nest, Zergling x2  
  100  6:23  Zergling x2  
  101  6:29  Zergling x8  
  101  6:31  Drone  
  106  6:33  Overlord  
  106  6:42  Zergling x14  
  106  6:46  Centrifical Hooks  
  113  6:48  Drone, Infestation Pit  
  113  6:49  Overlord  
  113  6:50  Hydralisk Den  
  113  6:51  Drone  
  113  6:52  Overlord  
  113  6:55  Overlord  
  113  6:59  Drone x2  
  115  7:02  Baneling  
  115  7:03  Baneling x13  
  115  7:04  Drone  
  115  7:05  Drone x2  
  115  7:08  Drone  
  119  7:09  Overlord  
  119  7:11  Overseer  
  119  7:13  Drone x2  
  119  7:14  Drone  
  119  7:15  Drone, Zergling x8  
  127  7:26  Zergling x8  
  130  7:34  Hatchery  
  130  7:36  Zergling x2  
  130  7:37  Zergling x12  
  116  7:40  Zergling x2  
  116  7:43  Zergling x2  
  116  7:44  Zergling x8  
  110  7:49  Zergling x6  
  113  7:53  Zerg Ground Armor Level 2, Zerg Melee Weapons Level 2  
  113  7:55  Hive, Muscular Augments  
  113  7:56  Hydralisk  
  114  7:59  Hydralisk  
  114  8:02  Zergling x6  
  114  8:05  Hydralisk  
  119  8:09  Hydralisk x2  
  119  8:12  Hydralisk  
  127  8:14  Hydralisk x2  
  127  8:15  Zergling x4  
  127  8:16  Zergling x2  
  127  8:18  Drone  
  127  8:19  Drone  
  136  8:20  Drone  
  136  8:22  Drone  
  136  8:23  Baneling x5  
  136  8:24  Drone  
  139  8:30  Drone  
  139  8:32  Overlord  
  139  8:33  Drone  
  141  8:35  Drone  
  141  8:36  Overlord  
  141  8:38  Overlord  
  141  8:39  Hydralisk x2  
  146  8:44  Drone  
  146  8:45  Hydralisk x2, Overlord  
  151  8:49  Hydralisk x2  
  151  8:53  Baneling x5  
  155  8:56  Zergling x4  
  155  8:57  Zergling x4  
  155  8:58  Zergling x8  
  163  9:03  Zergling x10  
  163  9:07  Zergling x6  
  163  9:08  Zergling x2  
  172  9:14  Zergling x8  
  172  9:20  Zergling x12  
  178  9:25  Ultralisk Cavern  
  178  9:30  Zergling x10  
  181  9:33  Zergling x2  
  177  9:40  Zergling x2  
  177  9:41  Zergling x6  
  178  9:46  Zergling x2  
  178  9:47  Zergling x10  
  182  9:59  Overlord x2  
  182  10:04  Zergling x2  
  182  10:05  Zergling x6  
  182  10:06  Extractor  
  190  10:07  Overlord  
  190  10:10  Overlord  
  189  10:15  Chitinous Plating  
  189  10:19  Ultralisk  
  190  10:27  Ultralisk  
  196  10:33  Hatchery  
  195  10:38  Zergling x6  
  196  10:45  Zergling x8  
  196  10:48  Hatchery  
  198  10:51  Zerg Missile Weapons Level 1, Zerg Ground Armor Level 3  
  198  10:53  Extractor  
  198  10:54  Extractor  
  198  10:56  Viper x2  
  197  11:03  Spore Crawler  
  196  11:08  Viper  
  199  11:21  Drone  
  199  11:24  Baneling  
  199  11:25  Baneling x13  
  200  11:39  Adrenal Glands  
  198  11:51  Burrow  
  196  12:04  Extractor  
  196  12:05  Extractor  
  193  12:09  Spire  
  193  12:12  Spire  
  193  12:13  Spore Crawler  
  193  12:14  Drone  
  193  12:15  Drone x6  
  200  12:19  Baneling x9, Extractor  
  184  12:24  Overseer  
  184  12:34  Spore Crawler  
  175  12:54  Drone x12  
  187  13:02  Zerg Missile Weapons Level 2  
  187  13:11  Spore Crawler  
  187  13:12  Spore Crawler  
  185  13:13  Spore Crawler  
  185  13:14  Spore Crawler x2  
  185  13:16  Spore Crawler x2  
  185  13:17  Spore Crawler x2  
  185  13:19  Spore Crawler  
  177  13:21  Greater Spire, Corruptor x10  
  197  13:27  Zerg Flyer Weapons Level 1, Spore Crawler  
  197  13:28  Zerg Melee Weapons Level 3  
  197  13:32  Spore Crawler  
  195  13:34  Spore Crawler  
  192  13:58  Hatchery  
  171  15:03  Overseer x3  
  171  15:04  Overseer  
  171  15:05  Overseer  
  171  15:08  Brood Lord  
  171  15:09  Brood Lord x9  
  171  15:11  Zerg Flyer Armor Level 1  
  171  15:12  Pathogen Glands  
  191  15:17  Spore Crawler  
  191  15:18  Extractor  
  189  15:29  Corruptor  
  189  15:30  Corruptor x4  
  191  15:36  Extractor  
  191  15:37  Extractor  
  191  15:39  Corruptor  
  191  15:40  Corruptor x4  
  188  15:43  Drone x11  
  188  15:47  Corruptor  
  199  15:52  Drone  
  200  16:03  Zerg Flyer Weapons Level 2, Zerg Missile Weapons Level 3  
  200  16:17  Brood Lord x3  
  196  16:26  Corruptor  
  198  16:43  Spore Crawler  
  198  16:45  Spore Crawler x2  
  195  16:53  Spore Crawler x2  
  185  16:55  Spore Crawler  
  185  16:57  Infestor x11  
  184  17:10  Drone  
  184  17:11  Drone  
  184  17:19  Brood Lord  
  184  17:20  Brood Lord x3  
  192  17:25  Corruptor x3  
  192  17:26  Corruptor  
  200  17:57  Spore Crawler  
  200  17:58  Spore Crawler  
  197  17:59  Spore Crawler  
  185  18:28  Drone x4  
  185  18:29  Drone x3  
  192  18:34  Baneling  
  184  19:09  Brood Lord x4  
  192  19:10  Corruptor x4  
  198  19:45  Drone x3  
  190  19:46  Drone, Hatchery  
  190  19:49  Extractor x2  
  190  19:52  Overlord  
  188  19:54  Drone x5  
  174  20:23  Infestor x7  
  188  20:36  Brood Lord x4  
  192  20:52  Overlord, Overseer  
  192  20:55  Zerg Flyer Armor Level 2, Zerg Flyer Weapons Level 3  
  190  21:02  Corruptor x3  
  183  21:18  Infestor  
  183  21:19  Infestor x3  
  183  21:22  Corruptor x4  
  199  21:32  Overlord  
  193  21:42  Corruptor x8  
  193  21:47  Hydralisk x2  
  183  21:49  Overlord x2  
  183  21:51  Hydralisk x6  
  183  21:53  Overlord  
  183  21:56  Hydralisk x2  
  179  22:09  Overlord  
  179  22:11  Hatchery  
  178  22:16  Queen  
  178  22:17  Queen x5  
  178  22:21  Hydralisk  
  178  22:22  Hydralisk x2  
  172  22:38  Overseer  
  168  22:50  Zergling x2  
  168  22:51  Zergling x22  
  177  22:52  Queen  
  180  23:00  Zergling x20  
  190  23:12  Baneling x5  
  190  23:13  Baneling x7  
  191  23:20  Zergling x24  
  164  23:58  Drone x10  
  164  24:00  Drone x5  
  179  24:03  Drone  
  179  24:04  Drone x2  
  179  24:06  Drone x7  
  179  24:08  Infestor  
  191  24:14  Infestor  
  191  24:15  Infestor x3  
  199  24:28  Zergling x2  
  199  24:29  Zergling x6  
  195  24:35  Zergling x18  
  195  24:39  Corruptor x2  
  198  24:51  Zergling x18  
  159  25:33  Corruptor x2  
  159  25:34  Corruptor x10  
  173  25:39  Zergling x26  
  173  25:40  Zergling x6  
  181  25:44  Infestor x2  
  185  25:56  Infestor  
  185  25:57  Infestor x2  
  171  26:04  Zergling x16  
  171  26:05  Zergling x8  
  171  26:07  Zergling x2  
  171  26:08  Zergling x8  
  163  26:11  Hydralisk x2  
  163  26:12  Hydralisk  
  163  26:14  Hydralisk  
  163  26:17  Infestor  
  150  26:21  Hydralisk x3  
  146  26:26  Hydralisk x2  
  146  26:29  Hydralisk  
  146  26:30  Overseer  
  146  26:32  Hydralisk  
  144  26:36  Hydralisk  
  148  26:41  Hydralisk x3  
  154  26:54  Hydralisk x2  
  154  26:55  Hydralisk  
  154  26:59  Hydralisk x2  
  154  27:00  Hydralisk  
  166  27:05  Zergling x6  
  166  27:06  Zergling x16  
  151  27:18  Hydralisk x4  
  151  27:22  Zergling x16  
  132  27:26  Zergling x6  
  132  27:28  Zergling x4  
  127  27:31  Zergling x6  
  127  27:33  Zergling x4  
  128  27:40  Drone x4  
  128  27:42  Infestor x2  
  136  27:45  Overlord x2  
  136  27:46  Overseer  
  136  27:48  Baneling x2  
  136  27:49  Zergling x2  
  136  27:50  Zergling x2  
  138  27:54  Zergling x4  
  138  27:58  Zergling x8  
  144  28:02  Zergling x6  
  146  28:06  Zergling x10  
  150  28:13  Zergling x14  
  140  28:22  Zergling x12  
  140  28:25  Zergling x4  
  140  28:26  Infestor x2  
  140  28:27  Infestor  
  131  28:31  Baneling x6  
  131  28:32  Baneling x2  
  135  28:34  Zergling x6  
  135  28:38  Zergling x4  
  135  28:39  Zergling x4  
  135  28:43  Zergling x4  
  135  28:44  Zergling x6  
  135  28:46  Hydralisk  
  135  28:57  Hydralisk x5  
  145  29:03  Hydralisk  
  147  29:13  Zergling x2  
  147  29:14  Zergling x26  
  161  29:22  Infestor  
  163  29:30  Drone x3  
  163  29:31  Extractor x2  
  165  29:32  Zergling x20, Hatchery  
  174  29:41  Hydralisk  
  174  29:42  Hydralisk x5  
  184  29:47  Hydralisk  
  184  29:59  Queen x4  
  185  30:03  Zergling x2, Overlord  
  185  30:04  Zergling x12  
  198  30:20  Drone x17  
  198  30:26  Drone x5  
  191  30:44  Corruptor x4  
  191  30:47  Spore Crawler  
  191  30:49  Spore Crawler  
  197  30:52  Overlord  
  197  31:04  Queen  
  197  31:07  Overlord  
  187  31:41  Corruptor x5  
  194  32:21  Corruptor x7  
  190  32:40  Zerg Flyer Armor Level 3  
  190  32:42  Spore Crawler  
  190  32:43  Spore Crawler  
  190  32:44  Spore Crawler x2  
  187  32:45  Spore Crawler  
  187  32:47  Spore Crawler x2  
  187  32:49  Brood Lord  
  185  32:52  Drone x3  
  185  32:56  Drone x3  
  191  33:01  Drone x5, Extractor x2  
  191  33:02  Drone  
  191  33:05  Brood Lord  
  187  33:47  Corruptor  
  187  33:59  Brood Lord x2  
  187  34:00  Zergling x2  
  187  34:01  Zergling x26  
  199  34:36  Hatchery  
  198  34:50  Corruptor  
  199  35:13  Spore Crawler  
  189  35:14  Spore Crawler  
  189  35:15  Spore Crawler  
  189  35:16  Spore Crawler  
  189  35:17  Spore Crawler  
  182  35:28  Overseer x6  
  184  35:47  Spore Crawler x2  
  184  35:49  Corruptor, Spore Crawler  
  181  35:53  Zergling x34  
  181  35:54  Zergling x6  
  172  36:21  Corruptor x2  
  172  36:22  Corruptor  
  172  36:25  Overlord  
  169  36:31  Corruptor  
  169  36:33  Zergling x2  
  169  36:34  Zergling x20  
  178  36:47  Queen x3  
  178  36:48  Queen x5  
  178  36:50  Drone x2  
  178  36:51  Drone  
  197  36:55  Queen  
  199  37:04  Spore Crawler  
  199  37:05  Spore Crawler  
  182  37:16  Corruptor x2  
  182  37:17  Corruptor  
  182  37:20  Zergling x2  
  182  37:21  Zergling x22  
  184  37:51  Infestor x3  
  184  37:57  Drone x3  
  175  38:19  Corruptor  
  175  38:20  Drone, Corruptor x2  
  175  38:25  Zergling x6  
  175  38:26  Zergling x16  
  192  38:36  Corruptor  
  192  38:37  Corruptor  
  196  38:53  Queen  
  198  38:58  Spore Crawler  
  194  39:22  Corruptor x3  
  198  39:47  Overseer  
  198  39:58  Extractor  
  197  40:13  Spore Crawler x2  
  195  40:14  Spore Crawler  
  195  40:16  Spore Crawler  
  195  40:19  Spore Crawler  
  195  40:21  Spore Crawler  
  189  40:22  Spore Crawler  
  183  40:34  Brood Lord  
  183  40:35  Brood Lord x4  
  193  40:38  Drone x2  
  195  40:46  Corruptor x2  
  186  41:30  Infestor x7  
  181  41:41  Infestor  
  183  41:57  Infestor x2  
  183  41:59  Zergling x22  
  183  42:00  Zergling x2  
  198  42:25  Infestor  
  180  43:03  Infestor x4  
  186  43:06  Infestor  
  188  43:19  Drone  
  189  43:48  Infestor  
  189  43:55  Infestor  
  179  44:22  Infestor  
  177  44:38  Infestor  
  179  44:55  Infestor  
  181  45:14  Infestor  
  183  45:24  Infestor  
  185  45:41  Infestor  
  187  45:48  Infestor  
  188  46:02  Infestor  
  190  46:16  Infestor  
  188  46:36  Infestor  
  186  47:01  Infestor x2  
  190  47:20  Infestor  
  192  47:28  Infestor  
  188  48:20  Infestor  
  188  48:57  Infestor  
Tags
 
Add a new tag
Caveats
  • Supply blocks, unpowered buildings, or Contaminate may cause inaccurate times.
  • Supply counts are checked every 10 seconds.